Map: Ever Dream LE

Players

llllllllllll

  • Race: Terran Terran
  • League: Master
  • Spawn Location: 7:00

BerryRAWR - Winner!

  • Race: Terran Terran
  • League: Grandmaster
  • Spawn Location: 1:00

VOD

Have the link to the VOD?

Description

Time

  • Played on: June 26, 2020, 12:31 a.m.
  • Length: 20:10
Show
View Real Time Build Order
Export as new Build Order

llllllllllll Terran 

Build Orders: 1/1/1 

Get SALT Encoding   

  12  0:00  SCV  
  13  0:13  SCV  
  14  0:17  Supply Depot  
  14  0:25  SCV  
  15  0:29  Refinery  
  15  0:38  SCV  
  16  0:45  Barracks  
  16  0:51  SCV  
  16  0:55  Refinery  
  17  1:03  SCV  
  18  1:15  SCV  
  19  1:34  Factory  
  19  1:36  Reaper  
  20  1:42  Orbital Command  
  20  1:52  Supply Depot  
  20  2:08  SCV  
  21  2:09  Barracks Reactor  
  21  2:18  Starport  
  21  2:20  SCV  
  21  2:21  Hellion  
  24  2:32  SCV  
  24  2:34  Supply Depot  
  25  2:42  Factory Tech Lab  
  25  2:46  Marine x2  
  27  3:01  Medivac, Siege Tank  
  27  3:04  Marine x2  
  34  3:14  Supply Depot  
  34  3:22  Marine x2  
  36  3:31  Medivac  
  36  3:34  Engineering Bay  
  38  3:35  Siege Tank  
  38  3:40  Marine x2  
  43  3:46  Supply Depot  
  43  3:58  Marine x2  
  43  4:00  Missile Turret  
  45  4:07  Siege Tank  
  48  4:13  Medivac  
  48  4:15  Marine  
  48  4:16  Marine  
  51  4:36  Marine x2  
  53  4:51  Siege Tank  
  47  4:53  Medivac  
  47  4:54  Marine x2  
  47  5:05  Supply Depot  
  47  5:12  Marine x2  
  46  5:27  Siege Tank  
  49  5:30  Marine  
  49  5:42  Marine  
  49  5:44  Medivac  
  49  5:48  Marine  
  53  6:00  Marine  
  48  6:15  Marine  
  47  6:20  Marine, Siege Tank  
  47  6:32  Marine  
  47  6:36  Liberator  
  47  6:38  Marine  
  47  6:49  Command Center  
  47  6:50  Marine  
  47  6:51  Supply Depot  
  48  6:56  Marine  
  48  6:59  Siege Tank  
  52  7:16  Marine x2  
  52  7:19  Medivac  
  56  7:34  Marine x2  
  44  8:07  Marine x2  
  44  8:08  Medivac, Siege Tank  
  44  8:14  Orbital Command  
  44  8:21  Barracks x2  
  44  8:25  Marine x2  
  46  8:38  Supply Depot  
  46  8:44  Siege Tank  
  49  8:53  Medivac  
  49  8:54  Marine x2  
  53  9:11  Barracks Tech Lab  
  53  9:12  Barracks Reactor  
  39  9:43  Siege Tank  
  39  9:44  Orbital Command, Marine x2  
  39  9:45  Marine  
  44  9:52  Marine x2  
  44  9:59  Stimpack  
  45  10:02  Marine x2  
  47  10:07  SCV  
  47  10:09  SCV  
  49  10:14  Marine  
  49  10:15  Marine  
  49  10:19  SCV  
  52  10:21  SCV  
  52  10:23  Starport Reactor  
  53  10:31  SCV  
  53  10:33  SCV  
  53  10:35  Siege Tank  
  58  10:44  Marine x2  
  55  11:02  Marine x2  
  44  11:04  SCV  
  44  11:06  SCV  
  44  11:07  Siege Tank  
  44  11:08  Marine  
  44  11:09  Refinery  
  50  11:15  Marine  
  50  11:16  SCV  
  50  11:17  Marine  
  51  11:19  Marine  
  51  11:22  SCV  
  53  11:28  SCV  
  53  11:31  Marine x2  
  56  11:34  SCV  
  57  11:40  SCV  
  57  11:46  SCV  
  59  11:47  Marine x2  
  59  11:52  SCV  
  55  12:03  Marine x2  
  55  12:04  Viking x2  
  52  12:21  Refinery  
  51  12:22  Missile Turret  
  51  12:26  Marine x2  
  49  12:31  Marine  
  49  12:34  Marine  
  48  12:40  Marine  
  48  12:42  Siege Tank  
  51  12:44  Marine  
  51  12:48  Marine  
  47  12:52  Marine  
  47  12:58  Marine  
  46  13:08  SCV  
  46  13:10  Marine  
  48  13:13  Barracks  
  45  13:26  SCV  
  46  13:28  Factory Tech Lab  
  46  13:30  Barracks Tech Lab  
  47  13:35  SCV  
  47  13:38  SCV  
  47  13:39  Barracks Reactor, Barracks  
  48  13:45  Starport Reactor  
  48  13:47  SCV  
  49  13:51  SCV, Combat Shield  
  49  13:52  Marine  
  49  13:54  Siege Tank  
  54  13:57  Missile Turret  
  54  13:59  Missile Turret  
  54  14:00  Supply Depot, Missile Turret  
  54  14:02  Barracks Reactor  
  54  14:03  SCV  
  54  14:08  Command Center  
  55  14:10  Marine  
  55  14:15  SCV  
  57  14:17  Marine x2  
  57  14:19  SCV  
  57  14:23  Terran Infantry Weapons Level 1  
  60  14:26  Medivac x2  
  60  14:27  SCV  
  60  14:28  Marine, Siege Tank  
  68  14:35  Marine x2  
  67  14:46  Marine  
  67  14:49  Marine x2  
  64  15:00  Marine x2, Siege Tank  
  64  15:01  Medivac  
  64  15:04  Marine  
  69  15:07  Marine  
  70  15:18  Marine x3  
  51  15:33  Siege Tank  
  47  15:37  SCV  
  47  15:40  Marine x2  
  48  15:45  SCV, Marine x3  
  48  15:47  Medivac x2  
  48  15:49  SCV  
  57  15:58  Marine  
  57  15:59  Marine  
  57  16:01  SCV  
  57  16:04  Marine  
  60  16:05  SCV, Siege Tank  
  65  16:12  Marine x2  
  65  16:13  SCV  
  68  16:22  Liberator  
  68  16:24  Marine x3  
  73  16:36  Marine x2  
  73  16:37  Siege Tank  
  78  16:42  Marine  
  78  16:44  Marine x2  
  81  16:49  Supply Depot  
  81  16:55  Marine x2  
  81  16:56  Missile Turret  
  49  17:39  Marine x2  
  39  17:54  Marine x3  
  39  17:55  Siege Tank  
  39  17:57  Marine  
  46  18:08  Marine  
  47  18:14  Supply Depot, Marine x2, Liberator x2  
  28  19:00  Marine x5  
  28  19:02  Siege Tank  
  34  19:03  Medivac x2  
  38  19:18  Marine x2  
  38  19:22  Marine x2  
Show
View Real Time Build Order
Export as new Build Order

BerryRAWR Terran - Winner!

Build Orders: Gas First Reaper Expand 

Get SALT Encoding   

  12  0:00  SCV  
  13  0:13  SCV  
  14  0:17  Supply Depot  
  14  0:25  SCV  
  15  0:33  Refinery  
  15  0:39  SCV  
  16  0:45  Barracks  
  16  0:51  SCV  
  17  1:03  SCV  
  18  1:15  SCV  
  19  1:31  Reaper  
  19  1:32  Orbital Command  
  20  1:51  Command Center  
  20  1:58  SCV  
  21  2:06  Supply Depot  
  21  2:10  Factory  
  21  2:14  Marine  
  22  2:17  SCV  
  22  2:20  Refinery  
  24  2:30  SCV  
  24  2:34  Barracks Reactor  
  24  2:36  Bunker  
  24  2:42  SCV  
  25  2:54  SCV  
  25  2:57  Factory Tech Lab  
  26  3:04  Orbital Command  
  26  3:06  SCV  
  26  3:10  Marine x2  
  29  3:15  Cyclone  
  29  3:18  SCV  
  29  3:19  Starport  
  33  3:27  Refinery  
  33  3:28  Marine x2  
  33  3:33  SCV  
  37  3:34  SCV  
  37  3:37  Supply Depot  
  37  3:45  SCV  
  37  3:46  SCV, Marine x2  
  41  3:56  Supply Depot  
  41  3:57  SCV, Factory Tech Lab  
  41  3:58  SCV  
  41  4:01  Raven  
  45  4:04  Marine  
  45  4:05  Marine  
  45  4:09  SCV  
  48  4:11  SCV  
  48  4:16  Siege Tank  
  52  4:21  SCV  
  52  4:24  SCV, Marine  
  53  4:33  SCV  
  53  4:36  SCV  
  52  4:42  Marine  
  47  4:45  SCV  
  47  4:48  Siege Tank  
  41  4:59  SCV  
  42  5:18  Viking  
  44  5:30  SCV  
  44  5:31  SCV  
  46  5:43  SCV  
  46  5:45  SCV  
  46  5:46  Marine  
  46  5:47  Viking  
  51  5:55  SCV, Viking  
  54  5:57  SCV  
  52  6:07  SCV  
  52  6:11  SCV  
  50  6:19  SCV  
  50  6:21  Refinery  
  50  6:23  SCV  
  47  6:31  SCV  
  47  6:35  SCV  
  48  6:43  SCV, Refinery  
  49  6:47  SCV  
  50  6:55  SCV, Marine  
  50  6:56  Viking  
  50  6:59  SCV  
  55  7:03  Command Center  
  55  7:04  Supply Depot  
  55  7:07  SCV, Supply Depot  
  56  7:11  SCV  
  56  7:12  Viking  
  56  7:13  Marine  
  60  7:19  SCV, Refinery  
  61  7:23  SCV  
  61  7:28  Supply Depot  
  62  7:30  Siege Tank  
  62  7:31  SCV  
  62  7:36  SCV  
  61  7:44  SCV  
  52  7:48  SCV  
  49  7:56  SCV  
  42  8:00  SCV  
  42  8:02  Siege Tank  
  43  8:08  SCV  
  43  8:09  Marine  
  43  8:12  SCV  
  46  8:14  Bunker  
  46  8:20  SCV  
  46  8:24  SCV  
  48  8:30  Bunker  
  48  8:32  SCV  
  49  8:36  SCV  
  49  8:38  Marine  
  51  8:44  SCV  
  51  8:48  SCV, Siege Tank  
  56  8:52  Orbital Command  
  56  8:55  Marine  
  56  8:56  SCV  
  56  9:00  SCV, Viking  
  61  9:06  Stimpack  
  61  9:08  SCV  
  62  9:13  Marine  
  63  9:20  Viking, SCV  
  63  9:31  Marine  
  63  9:32  SCV  
  63  9:40  SCV  
  63  9:44  Siege Tank  
  63  9:45  SCV, Viking  
  68  9:49  Marine  
  68  9:50  Viking, Supply Depot  
  68  9:52  SCV  
  74  9:57  SCV  
  75  10:04  SCV  
  75  10:07  Marine  
  76  10:09  SCV  
  76  10:11  Supply Depot  
  78  10:16  SCV  
  78  10:21  SCV  
  80  10:24  Liberator x2  
  86  10:28  SCV  
  86  10:29  Marine, Siege Tank  
  86  10:33  SCV  
  86  10:35  Command Center  
  92  10:41  SCV  
  93  10:43  Engineering Bay x2  
  93  11:01  Siege Tank  
  92  11:06  Marine  
  93  11:16  Terran Infantry Weapons Level 1  
  93  11:20  Barracks x2  
  93  11:25  Marine  
  94  11:26  SCV  
  94  11:29  SCV  
  94  11:32  Barracks  
  96  11:33  Barracks  
  96  11:36  Siege Tank  
  96  11:37  Viking  
  96  11:38  SCV  
  102  11:46  Marine  
  102  11:47  Viking, SCV  
  106  11:49  Supply Depot  
  100  12:11  Siege Tank  
  100  12:27  Marine  
  96  12:35  Marine  
  97  12:37  Barracks Reactor x2  
  97  12:43  Siege Tank  
  91  12:49  Viking x2  
  91  12:50  Barracks Reactor  
  93  12:51  Barracks Reactor  
  93  12:52  SCV x2  
  93  13:04  SCV x2  
  93  13:05  Terran Infantry Armor Level 1  
  95  13:11  Marine  
  96  13:15  Siege Tank  
  96  13:16  SCV x2  
  96  13:19  Orbital Command  
  99  13:28  SCV  
  99  13:29  Marine  
  99  13:34  Refinery, Marine  
  99  13:35  Refinery, Command Center, Marine x2  
  99  13:36  Medivac x2  
  99  13:38  Factory  
  99  13:41  Combat Shield, Marine  
  107  13:43  Marine x3  
  107  13:46  SCV x2  
  107  13:47  SCV, Marine, Siege Tank  
  117  13:52  Marine  
  117  13:54  Marine x3  
  121  13:58  Marine  
  121  14:01  Marine x3  
  125  14:03  Supply Depot  
  125  14:04  Marine  
  126  14:10  Marine  
  126  14:11  Medivac x2  
  126  14:12  Marine  
  126  14:14  Marine  
  133  14:21  Marine x3  
  133  14:22  Supply Depot, Marine  
  133  14:23  Supply Depot  
  133  14:24  Marine x2  
  137  14:25  Siege Tank  
  137  14:26  Factory Tech Lab  
  142  14:32  Marine x2  
  142  14:35  Marine  
  145  14:38  Marine x2  
  145  14:41  Medivac  
  145  14:43  Medivac  
  147  14:50  Marine  
  136  15:07  Siege Tank  
  136  15:11  Siege Tank  
  140  15:14  Marine x2  
  140  15:17  Marine  
  140  15:18  Marine  
  129  15:30  Marine x2  
  129  15:31  Marine x3  
  129  15:32  Marine  
  131  15:36  Marine  
  131  15:38  Marine x2  
  131  15:39  Medivac, Siege Tank  
  131  15:40  Medivac  
  131  15:41  Command Center  
  141  15:45  SCV x2  
  141  15:46  SCV  
  141  15:47  Marine  
  141  15:48  Marine  
  141  15:49  Marine x2  
  147  15:52  Siege Tank  
  147  15:56  Marine x4  
  154  16:00  SCV x2  
  156  16:09  Medivac  
  156  16:10  Medivac  
  160  16:11  Marine  
  160  16:12  Marine x4  
  160  16:13  Marine  
  160  16:14  Marine  
  160  16:15  SCV x3  
  160  16:18  Siege Tank  
  173  16:27  SCV  
  173  16:32  Planetary Fortress  
  174  16:36  Command Center  
  174  16:43  Siege Tank  
  177  16:50  Siege Tank  
  177  16:53  Marine x6  
  186  16:58  Command Center  
  178  17:25  Marine  
  158  17:39  Marine x3  
  158  17:42  Marine x2  
  153  17:44  Siege Tank  
  147  17:53  Marine x4  
  147  17:55  Siege Tank  
  147  17:56  Medivac x2, Marine x3  
  158  18:00  Marine x2  
  160  18:06  Planetary Fortress  
  160  18:11  Marine x4  
  160  18:12  Command Center  
  164  18:14  Marine  
  164  18:16  Siege Tank  
  164  18:19  Marine x4  
  172  18:26  Medivac x2  
  163  18:27  Siege Tank  
  163  18:29  Marine x4  
  163  18:33  Marine  
  170  18:37  Marine x3  
  167  18:43  Marine  
  167  18:47  Marine  
  167  18:48  Siege Tank  
  167  18:53  Marine x4  
  167  18:55  Marine x2  
  161  18:56  Medivac x2  
  161  18:59  Marine  
  161  19:00  Siege Tank  
  161  19:01  Marine  
  169  19:04  Marine  
  169  19:07  Command Center  
  170  19:11  Marine x3  
  170  19:14  Marine x3  
  170  19:16  Marine  
  177  19:19  Marine  
  177  19:21  Siege Tank  
  181  19:27  Marine  
  182  19:32  Siege Tank  
  185  19:38  Marine x4  
  185  19:39  Marine x4  
  185  19:45  Refinery x2  
  197  19:46  Command Center  
Tags
 
Add a new tag
Caveats
  • Supply blocks, unpowered buildings, or Contaminate may cause inaccurate times.
  • Supply counts are checked every 10 seconds.